 Dungeon Crawl Stone Soup version 0.28-a0-312-gbced6e68ee (webtiles) character file.

Game seed: 5154478641299039570

266 frimble the Covered (level 6, 0/45 HPs)
             Began as a Gnoll Wanderer on Aug 30, 2021.
             Succumbed to a kobold's poison
             ... in a sewer.
             The game lasted 00:04:06 (3315 turns).

frimble the Covered (Gnoll Wanderer)                Turns: 3315, Time: 00:04:06

Health: 0/45       AC: 12    Str: 12    XL:     6   Next: 20%
Magic:  8/8        EV:  9    Int: 13    God:
Gold:   76         SH:  0    Dex: 11    Spells: 8/8 levels left

rFire   . . .      SeeInvis .   a - +1 mace
rCold   . . .      Faith    .   (no shield)
rNeg    . . .      Spirit   .   b - +2 scale mail
rPois   .          Reflect  .   (helmet restricted)
rElec   .          Harm     .   (no cloak)
rCorr   .          Rampage  .   g - +1 pair of gloves
Will    .....                   (no boots)
Stlth   +.........              (no amulet)
HPRegen 0.15/turn               (no ring)
MPRegen 0.11/turn               (no ring)

@: lethally poisoned (0 -> -12), hasted, very quick
A: fangs 1, strong nose, distributed training, antennae 1, hooves 1,
deterioration 1, frail 1
a: no special abilities


You were in a sewer.
You visited 1 branch of the dungeon, and saw 3 of its levels.
You also visited: Sewer.

You collected 76 gold pieces.

Inventory:

Hand Weapons
 a - a +1 mace (weapon)
Missiles
 d - 8 poisoned darts (quivered)
Armour
 b - a +2 scale mail (worn)
 e - a +0 helmet
 g - a +1 pair of gloves (worn)
Jewellery
 j - a ring of flight
Potions
 c - a potion of brilliance
 f - a potion of attraction
 i - a potion of invisibility
 k - a potion of haste


   Skills:
 + Level 4.9 Fighting
 + Level 1.8 Short Blades
 + Level 1.8 Long Blades
 + Level 1.8 Axes
 + Level 4.9 Maces & Flails
 + Level 3.2 Polearms
 + Level 1.8 Staves
 + Level 1.8 Slings
 + Level 1.8 Bows
 + Level 1.8 Crossbows
 + Level 1.8 Throwing
 + Level 6.8 Armour
 + Level 1.8 Dodging
 + Level 3.0 Stealth
 + Level 3.2 Shields
 + Level 1.8 Unarmed Combat
 + Level 1.8 Spellcasting
 + Level 1.4 Conjurations
 + Level 1.4 Hexes
 + Level 1.4 Summonings
 + Level 1.4 Necromancy
 + Level 1.4 Translocations
 + Level 1.4 Transmutations
 + Level 1.4 Fire Magic
 + Level 1.4 Ice Magic
 + Level 1.4 Air Magic
 + Level 1.4 Earth Magic
 + Level 1.4 Poison Magic
 + Level 2.0 Invocations
 + Level 1.8 Evocations


You had 8 spell levels left.
You didn't know any spells.
Your spell library was empty.

Dungeon Overview and Level Annotations

Branches:
Dungeon (3/15)              Sewer (1/1)

Altars:


Innate Abilities, Weirdness & Mutations

You have very sharp teeth.
Your uncanny sense of smell can sniff out nearby items.
Your experience applies equally to all skills.
You have a pair of small antennae on your head.
You have large cloven feet.
Your body sometimes deteriorates upon taking damage.
You are frail. (-10% HP)


Message History

The kobold hits you but does no damage.
You are lethally poisoned!
The kobold hits you but does no damage.
It was a potion of mutation.
You feel extremely strange.
You feel frail.
You feel yourself wasting away.
Your feet thicken and deform.
A pair of antennae grows on your head!
Your +0 helmet falls away!
You feel very sick. The kobold misses you.
The kobold hits you but does no damage.
You aren't carrying any scrolls.
Unknown command.
Okay, then.
Unknown command.
You feel very sick.
You hit the kobold but do no damage. You kick the kobold.
The kobold is severely wounded.
* * * LOW HITPOINT WARNING * * *
You feel very sick. The kobold hits you but does no damage.
You are more poisoned.
You hit the kobold.
You kill the kobold!
* * * LOW HITPOINT WARNING * * *
You feel very sick. The kobold barely misses you.
You barely miss the kobold. Your kick misses the kobold.
Your bite misses the kobold.
* * * LOW HITPOINT WARNING * * *
You feel very sick. The kobold hits you but does no damage.
* * * LOW HITPOINT WARNING * * *
You feel sick.
The kobold throws a stone.
The stone hits you but does no damage.
* * * LOW HITPOINT WARNING * * *
You feel sick.
Okay, then.
You aren't carrying any scrolls.
Okay, then.
You aren't carrying any scrolls.
You die...

##....≈≈≈≈≈≈≈......
#.....≈≈≈≈≈.......
##.....≈≈≈≈≈.≈.....
##....≈≈≈≈≈≈≈≈.....#
#.....≈≈≈≈≈≈≈≈≈...##
#.....#≈≈≈≈≈≈≈≈...#
#..†.##≈≈≈≈≈≈≈....##
#....#≈≈≈≈≈≈≈≈.....#
##..@.≈≈≈≈≈≈≈≈≈.....#
#.KKK≈.≈≈≈≈≈≈≈≈≈...##
#..)K.≈≈≈≈≈≈≈≈≈≈...#
###'###≈#≈#≈####)###
... #≈#≈#≈#..)).#
#... #≈#≈##.....#
##.. #≈#≈##...## !..
∆ #≈##.....# #!!#∆∆
#≈#).#..#


You could see 4 kobolds.

Vanquished Creatures
  A kobold brigand (Sewer)
  Robin (D:2)
  7 adders
  5 river rats
  2 dart slugs (D:1)
  4 endoplasms
  3 giant cockroaches (D:1)
  10 goblins
  8 hobgoblins (D:2)
  9 kobolds
  3 quokkas
  4 ball pythons
  5 bats
  4 frilled lizards
  20 rats
86 creatures vanquished.

Notes
Turn   | Place    | Note
-------+----------+-------------------------------------------
     0 | D:1      | frimble the Gnoll Wanderer began the quest for the Orb.
     0 | D:1      | frimble set off with the following items: a +0 mace, a +2
                  | scale mail, a potion of lignification
     0 | D:1      | Reached XP level 1. HP: 20/20 MP: 1/1
   109 | D:1      | Reached XP level 2. HP: 24/26 MP: 2/2
   665 | D:1      | Reached XP level 3. HP: 31/31 MP: 3/3
  1103 | D:2      | Reached skill level 1 in Invocations
  1387 | D:2      | Noticed Robin
  1413 | D:2      | Reached skill level 1 in Short Blades
  1413 | D:2      | Reached skill level 1 in Long Blades
  1413 | D:2      | Reached skill level 1 in Axes
  1413 | D:2      | Reached skill level 1 in Staves
  1413 | D:2      | Reached skill level 1 in Slings
  1413 | D:2      | Reached skill level 1 in Bows
  1413 | D:2      | Reached skill level 1 in Crossbows
  1413 | D:2      | Reached skill level 1 in Throwing
  1413 | D:2      | Reached skill level 1 in Dodging
  1413 | D:2      | Reached skill level 1 in Unarmed Combat
  1413 | D:2      | Reached skill level 1 in Spellcasting
  1413 | D:2      | Reached skill level 1 in Evocations
  1428 | D:2      | Killed Robin
  1429 | D:2      | Reached XP level 4. HP: 16/38 MP: 5/5
  2482 | D:3      | Reached skill level 1 in Conjurations
  2482 | D:3      | Reached skill level 1 in Hexes
  2482 | D:3      | Reached skill level 1 in Summonings
  2482 | D:3      | Reached skill level 1 in Necromancy
  2482 | D:3      | Reached skill level 1 in Translocations
  2482 | D:3      | Reached skill level 1 in Transmutations
  2482 | D:3      | Reached skill level 1 in Fire Magic
  2482 | D:3      | Reached skill level 1 in Ice Magic
  2482 | D:3      | Reached skill level 1 in Air Magic
  2482 | D:3      | Reached skill level 1 in Earth Magic
  2482 | D:3      | Reached skill level 1 in Poison Magic
  2656 | D:3      | Found a glowing drain.
  2668 | D:3      | Reached XP level 5. HP: 31/43 MP: 5/7
  2683 | Sewer    | Entered a sewer
  2867 | Sewer    | Noticed a kobold brigand
  2875 | Sewer    | Killed a kobold brigand
  3011 | Sewer    | Reached XP level 6. HP: 40/50 MP: 8/8
  3308 | Sewer    | Gained mutation: You are frail. (-10% HP) [potion of
                  | mutation]
  3308 | Sewer    | Gained mutation: Your body sometimes deteriorates upon
                  | taking damage. [potion of mutation]
  3308 | Sewer    | Gained mutation: You have large cloven feet. [potion of
                  | mutation]
  3308 | Sewer    | Gained mutation: You have a pair of small antennae on your
                  | head. [potion of mutation]
  3314 | Sewer    | HP: 2/45 [poisoned by a kobold]
  3315 | Sewer    | Succumbed to a kobold's poison

Illustrated notes

Levels and vault maps discovered:
D:1:      erik_arrival_triangle_large, layout_rooms
D:2:      layout_basic, kennysheep_generic_room_5, uniq_robin
D:3:      layout_rooms, marbit_many_paths, portal_sewer_entry_a
Sewer:    sewer_minmay_treatment

Skill      XL: |  1  2  3  4  5  6 |
---------------+-------------------+-----
Invocations    | 1 2 |  2.0
Short Blades   | 1 |  1.8
Long Blades    | 1 |  1.8
Axes           | 1 |  1.8
Staves         | 1 |  1.8
Slings         | 1 |  1.8
Bows           | 1 |  1.8
Crossbows      | 1 |  1.8
Throwing       | 1 |  1.8
Dodging        | 1 |  1.8
Unarmed Combat | 1 |  1.8
Spellcasting   | 1 |  1.8
Evocations     | 1 |  1.8
Conjurations   | 1 |  1.4
Hexes          | 1 |  1.4
Summonings     | 1 |  1.4
Necromancy     | 1 |  1.4
Translocations | 1 |  1.4
Transmutations | 1 |  1.4
Fire Magic     | 1 |  1.4
Ice Magic      | 1 |  1.4
Air Magic      | 1 |  1.4
Earth Magic    | 1 |  1.4
Poison Magic   | 1 |  1.4
Polearms       | 3 |  3.2
Shields        | 3 |  3.2
Stealth        | 3 |  3.0
Fighting       | |  4.9
Maces & Flails | |  4.9
Armour         | |  6.8

Action                   |  1- 3 |  4- 6 || total
-------------------------+-------+-------++-------
Melee: Mace              |   130 |   173 ||   303
       Bite              |    10 |    11 ||    21
       Punch             |     1 |       ||     1
       Kick              |       |     1 ||     1
  Use: Potion            |     2 |     3 ||     5
       Scroll            |       |     7 ||     7
Armor: Scale mail        |    76 |   124 ||   200
       Skin              |    14 |       ||    14
Dodge: Dodged            |    48 |   128 ||   176

Table legend: (Time is in decaauts)
 A = Elapsed time spent in this place.
 B = Non-inter-level travel time spent in this place.
 C = Inter-level travel time spent in this place.
 D = Time resting spent in this place.
 E = Time spent auto-exploring this place.
 F = Levels seen in this place.
 G = Mean time per level.
                   A        B        C        D        E       F      G
               +--------+--------+--------+--------+--------+-----+--------+
         Total |   3368 |   3305 |     63 |     16 |   2601 |   4 |  842.0 |
       Dungeon |   2717 |   2654 |     63 |     16 |   2157 |   3 |  905.7 |
         Sewer |    651 |    651 |      0 |      0 |    444 |   1 |  651.0 |
               +--------+--------+--------+--------+--------+-----+--------+

Top non-repeatable levels by time:
     D:2: 1659 daAuts
     D:1: 840 daAuts
   Sewer: 651 daAuts
     D:3: 218 daAuts
